 Dungeon Crawl Stone Soup version 0.28.0-53-g5a82cb258f (webtiles) character file.

Game seed: 9023670494007828811

61 gobodom the Stinger (level 3, 0/24 HPs)
             Began as a Demonspawn Venom Mage on June 10, 2022.
             Slain by a kobold
             ... wielding a +2 whip of electrocution
              (18 damage)
             ... on level 3 of the Dungeon.
             The game lasted 00:09:27 (3196 turns).

gobodom the Stinger (Demonspawn Venom Mage)         Turns: 3196, Time: 00:09:28

Health: 0/24       AC:  4    Str: 10    XL:     3   Next: 83%
Magic:  6/6        EV: 12    Int: 16    God:
Gold:   64         SH:  0    Dex: 13    Spells: 5/6 levels left

rFire   . . .      SeeInvis .   m - +1 dagger (venom)
rCold   . . .      Faith    .   (no shield)
rNeg    . . .      Spirit   .   a - +0 robe
rPois   .          Reflect  .   c - +0 helmet
rElec   .          Harm     .   (no cloak)
rCorr   .          Rampage  .   (no gloves)
Will    .....                   f - +0 pair of boots
Stlth   ++........              (no amulet)
HPRegen 0.08/turn               (no ring)
MPRegen 0.10/turn               (no ring)

@: no status effects
A: demonic guardian 1, demonic magic 1
a: no special abilities


You were on level 3 of the Dungeon.
You visited 1 branch of the dungeon, and saw 3 of its levels.

You collected 64 gold pieces.

Inventory:

Hand Weapons
 j - a +2 short sword of flaming
 m - a +1 dagger of venom (weapon)
Armour
 a - a +0 robe (worn)
 c - a +0 helmet (worn)
 f - a +0 pair of boots (worn)
Scrolls
 g - 2 scrolls of noise {unknown}
 l - 2 scrolls of fog
 n - a scroll of enchant armour {unknown}
 o - a scroll of immolation {unknown}
Potions
 b - a potion of curing {unknown}
 d - a potion of invisibility {unknown}
 e - a potion of heal wounds {unknown}
 h - a potion of experience {unknown}
 i - a potion of cancellation {unknown}
 k - 2 potions of mutation {unknown}


   Skills:
 + Level 0.3 Fighting
 + Level 0.3 Short Blades
 + Level 1.7 Dodging
 + Level 2.0 Stealth
 + Level 0.2 Unarmed Combat
 + Level 2.3 Spellcasting
 + Level 1.7 Transmutations
 + Level 3.8 Poison Magic


You had 5 spell levels left.
You knew the following spells:

 Your Spells              Type           Power      Damage    Failure   Level
a - Sting                 Tmut/Pois      40%        1d5       6%          1

Your spell library contained the following spells:

 Spells                   Type           Power      Damage    Failure   Level
 Poisonous Vapours        Pois/Air       16%        N/A       14%         2
 Mephitic Cloud           Conj/Pois/Air  5%         N/A       34%         3
 Olgreb's Toxic Radiance  Pois           14%        N/A       38%         4
 Gell's Gravitas          Tloc           1%         N/A       52%         3
 Lesser Beckoning         Tloc           1%         N/A       52%         3
 Teleport Other           Tloc           1%         N/A       52%         3


Dungeon Overview and Level Annotations

Branches:
Dungeon (3/15)

Altars:
Ashenzari
Makhleb


Innate Abilities, Weirdness & Mutations

A weak demonic guardian rushes to your aid.
Spells you cast may paralyse adjacent enemies.


Message History

You open the door.
There is an open door here.
Found 17 stones.
Found a leather armour.
o - a scroll labelled FUUMICHICA
Found a stone staircase leading up.
A kobold comes into view.
It is wielding a +0 short sword and quivering poisoned darts.
The kobold shouts!
You hear an angry hiss.
There is a stone staircase leading up here.
You barely miss the kobold.
The kobold hits you with a +0 short sword.
You barely miss the kobold.
The kobold hits you with a +0 short sword.
A ball python comes into view.
The ball python hisses angrily.
You hit the kobold.
The kobold is poisoned.
The kobold is heavily wounded.
You kill the kobold!
The ball python closely misses you. The ball python misses you.
The ball python bites you. The ball python completely misses you.
Things that are here:
a +0 short sword; 5 poisoned darts You hit the ball python.
You kill the ball python!
A rat comes into view.
The rat closely misses you.
You hit the rat.
You kill the rat!
Found a scroll labelled ZOEHUA XAOFELE.
You see here a rat corpse.
g - 2 scrolls labelled ZOEHUA XAOFELE (gained 1)
Found a stone staircase leading down.
A kobold comes into view.
It is wielding a +2 whip of electrocution.
A kobold is nearby!
Found a scroll of identify.
The kobold barely misses you.
You hit the kobold but do no damage.
The kobold hits you with a +2 whip of electrocution.
A demonic guardian appears!
You are electrocuted!!
Ouch! That really hurt!
You die...

.#####.####
#.........#
.#.###.##.#
##.#
#.##†########
##.#
#.##........#
##.#
#.#########.#
##.# #.#
#.####.# .#.#
#.# #..5...#
#..# #.#
#@###### #.#
#...K....?...
...
........##.###.
###.###.# # #
#.> #.# #.# #.#


You could see a kobold (ally target) and a friendly shadow imp (summoned).

Vanquished Creatures
  An adder (D:2)
  A dart slug (D:3)
  4 ball pythons
  3 endoplasms
  2 giant cockroaches
  7 goblins
  4 hobgoblins (D:2)
  8 kobolds
  3 quokkas
  4 bats
  A frilled lizard (D:2)
  5 rats
43 creatures vanquished.

Vanquished Creatures (collateral kills)
  A hobgoblin (D:2)
1 creature vanquished.

Grand Total: 44 creatures vanquished

Notes
Turn   | Place    | Note
-------+----------+-------------------------------------------
     0 | D:1      | gobodom the Demonspawn Venom Mage began the quest for the
                  | Orb.
     0 | D:1      | Reached XP level 1. HP: 13/13 MP: 3/3
    87 | D:1      | Reached skill level 1 in Transmutations
   231 | D:1      | Gained mutation: A weak demonic guardian rushes to your
                  | aid. [demonic ancestry]
   231 | D:1      | Reached XP level 2. HP: 14/19 MP: 0/5
  1173 | D:1      | Found a faded altar of an unknown god.
  1324 | D:2      | Gained mutation: Spells you cast may paralyse adjacent
                  | enemies. [demonic ancestry]
  1324 | D:2      | Reached XP level 3. HP: 24/24 MP: 4/6
  2970 | D:3      | Found a burning altar of Makhleb.
  2976 | D:3      | Found a broken altar of Ashenzari.
  3196 | D:3      | Slain by a kobold

Illustrated notes

Levels and vault maps discovered:
D:1:      evilmike_arrival_grusome_pit, layout_basic,
          hellmonk_ecumenical_altar_zigzags, supply_closet_lemuel
D:2:      layout_loops_corners
D:3:      layout_loops_ring, jmf_multi_god_temple

Skill      XL: |  1  2  3 |
---------------+----------+-----
Transmutations | 1 |  1.7
Stealth        | 2 |  2.0
Fighting       | |  0.3
Short Blades   | |  0.3
Dodging        | |  1.7
Unarmed Combat | |  0.2
Spellcasting   | |  2.3
Poison Magic   | |  3.8

Action                   || total
-------------------------++-------
Melee: Unarmed           ||    15
       Dagger            ||    91
       Punch             ||     2
 Cast: Sting             ||    37
  Use: Scroll            ||     2
 Stab: Sleeping          ||     2
       Paralysed         ||     4
Armor: Robe              ||    24
Dodge: Dodged            ||    73
